 Dungeon Crawl Stone Soup version 0.17-a0-1636-g3119f2b (webtiles) character file.

197 maniek23 the Sneak (level 5, -6/60 HPs)
             Began as a Demonspawn Assassin on Aug 5, 2015.
             Was an Initiate of Makhleb.
             Mangled by an orc warrior
             ... wielding a +2 halberd of chopping
             ... created by the fury of Okawaru
              (11 damage)
             ... on level 2 of the Dungeon.
             The game lasted 00:07:38 (2020 turns).

maniek23 the Sneak (Demonspawn Assassin)            Turns: 2020, Time: 00:07:38

Health: -6/60      AC: 22    Str: 17    XL:     5   Next: 46%
Magic:  5/5        EV:  2    Int: 12    God:    Makhleb [......]
Gold:   119        SH:  0    Dex: 15    Spells: 0 memorised, 4 levels left

rFire  . . .     SeeInvis .     a - +2 dagger
rCold  . . .     Clarity  .     (armour currently unavailable)
rNeg   + + +     SustAt   .     (no shield)
rPois  +         Gourm    .     (helmet currently unavailable)
rElec  .         Spirit   .     (cloak currently unavailable)
rCorr  .         Warding  .     (gloves currently unavailable)
rMut   .         NoTele   +     (boots currently unavailable)
MR     .....                    (no amulet)
Stlth  ++++++....               (no ring)
                                (no ring)

@: mighty, tree-form, not resistant to hostile enchantments, very stealthy
A: (yellow scales 0), nightstalker 2, rot immunity
a: Renounce Religion


You were on level 2 of the Dungeon.
You worshipped Makhleb.
Makhleb was noncommittal.
You were hungry.
You were a tree.
You visited 1 branch of the dungeon, and saw 2 of its levels.

You collected 119 gold pieces.

Inventory:

Hand weapons
 a - a +2 dagger (weapon)
 b - a +0 blowgun
 v - a +2 quarterstaff of chaos
 w - a +3 mace of protection
Missiles
 e - 19 poisoned needles
 f - 2 curare-tipped needles
 l - 29 stones (quivered)
 y - 4 javelins
Armour
 c - a +0 robe (melded)
 d - a +0 cloak (melded)
 q - a +0 helmet (melded)
 x - a +2 chain mail of magic resistance
Scrolls
 k - a scroll of fear
 n - 2 scrolls of immolation
 o - a scroll of remove curse
 r - a scroll of identify {unknown}
 u - 2 scrolls of recharging {unknown}
Potions
 i - a potion of lignification
 m - a potion of might
 p - a potion of ambrosia {unknown}
 s - a potion of heal wounds {unknown}
Comestibles
 g - 2 bread rations
 h - 10 chunks of flesh
 j - a meat ration
 t - a slice of pizza


   Skills:
 + Level 2.9 Fighting
 + Level 2.2 Short Blades
 * Level 3.1 Throwing
 + Level 2.1 Dodging
 + Level 4.6 Stealth


You had 4 spell levels left.
You didn't know any spells.

Dungeon Overview and Level Annotations

Branches:
Dungeon (2/15)

Altars:
Makhleb
Nemelex Xobeh
Okawaru
Zin


Innate Abilities, Weirdness & Mutations

((You are partially covered in yellow scales (AC +2).))
You are significantly more attuned to the shadows.
You are immune to rotting.


Message History

The orc looks frightened!
It was a scroll of fear.
Read which item? (? for menu, Esc to quit)
As you read the scroll labeled JUOTATILYS, it crumbles to dust.
The creatures around you are filled with an inner flame!
It was a scroll of immolation.
Read which item? (? for menu, Esc to quit)
Okay, then.
Drink which item? (? for menu, Esc to quit)
It was a potion of lignification.
You turn into a tree.
Your +0 cloak melds into your body.
Your +0 helmet melds into your body.
Your +0 robe melds into your body.
Your roots penetrate the ground.
Cornered, the orc turns to fight!
Read which item? (? for menu, Esc to quit)
As you read the scroll labeled MAIC NOLOITIMM, it crumbles to dust.
You feel blessed for a moment.
It was a scroll of remove curse.
Drink which item? (? for menu, Esc to quit)
It was a potion of might.
You feel very mighty all of a sudden.
The orc warrior hits you from afar with a halberd of chopping!
You die...

###≈≈≈.≈≈≈#.# #.##.#.#.
#.'..._...'.# #.##.....
#.#≈≈≈.≈≈≈#.####### #.####.#.
#.#≈≈≈.≈≈≈#..(....#####.####.#.
#.##≈≈.≈≈##...#.#.......).)..#.
#.####'######...#######.#######
#.# #.#.# ##### #.......# #.#
#...# ##### #####.#.###
#.######.# #..♣#### ###.....#
#........# #go###2# #.......###
######.### #.o########..#......
#.# #o###g_..##..#...... #.#
#g.g#...#....##..... #>#
#...'og.'..g.##..### #.#
#...#g..#........# ##.#
#####._.###g....## #..# #####
##g####


You could see an orc warrior (inner flame), a gnoll sergeant (inner flame), an
orc wizard (inner flame), a gnoll and an orc (inner flame).

Vanquished Creatures
  Crazy Yiuf (D:2)
  Jessica (D:2)
  Terence (D:2)
  3 adders (D:2)
  3 gnolls (D:2)
  An ooze (D:2)
  3 worms (D:2)
  4 bats
  6 giant cockroaches
  9 hobgoblins
  3 kobolds (D:1)
  A quokka (D:2)
  2 giant geckos
  3 giant newts
  5 goblins
  8 rats
54 creatures vanquished.

Notes
Turn   | Place    | Note
--------------------------------------------------------------
     0 | D:1      | maniek23 the Demonspawn Assassin began the quest for the Orb.
     0 | D:1      | Reached XP level 1. HP: 16/16 MP: 1/1
   280 | D:1      | Reached skill level 4 in Stealth
   312 | D:1      | Gained mutation: You are slightly more attuned to the shadows. [demonic ancestry]
   312 | D:1      | Reached XP level 2. HP: 15/22 MP: 2/2
   377 | D:1      | Reached skill level 1 in Dodging
   748 | D:1      | Found a sparkling altar of Nemelex Xobeh.
   999 | D:2      | Found a faded altar to an unknown god.
  1028 | D:2      | Gained mutation: You are partially covered in yellow scales (AC +2). [demonic ancestry]
  1028 | D:2      | Reached XP level 3. HP: 27/27 MP: 3/3
  1037 | D:2      | Became a worshipper of Warmaster Okawaru
  1037 | D:2      | Acquired Okawaru's first power
  1153 | D:2      | Noticed Jessica
  1156 | D:2      | Killed Jessica
  1159 | D:2      | Gained mutation: You are significantly more attuned to the shadows. [demonic ancestry]
  1159 | D:2      | Reached XP level 4. HP: 29/34 MP: 4/4
  1335 | D:2      | Found a burning altar of Makhleb.
  1347 | D:2      | Found a glowing silver altar of Zin.
  1348 | D:2      | Noticed a green death
  1348 | D:2      | Noticed an angel
  1353 | D:2      | Fell from the grace of Okawaru
  1353 | D:2      | Became a worshipper of Makhleb the Destroyer
  1438 | D:2      | Found a burning altar of Makhleb.
  1664 | D:2      | Noticed Crazy Yiuf
  1668 | D:2      | Killed Crazy Yiuf
  1688 | D:2      | Noticed Terence
  1700 | D:2      | Killed Terence
  1700 | D:2      | Gained mutation: You are immune to rotting. [demonic ancestry]
  1700 | D:2      | Reached XP level 5. HP: 24/39 MP: 5/5
  1997 | D:2      | Noticed an orc warrior
  2020 | D:2      | Mangled by an orc warrior

Vault maps used:
D:1:      minmay_arrival_solitary_statue, minmay_misc_feat_alley, st_stairs_13,
          nemelex_diamond_rough_becter
D:2:      grunt_temple_overflow_order_and_chaos_2, ecumenical_altar_1,
          first_bread, kennysheep_flooded_box, uniq_terence,
          uniq_crazy_yiuf_cottage, uniq_jessica

Action                   |  1- 3 |  4- 6 || total
-------------------------+-------+-------++-------
Melee: Dagger            |    92 |    54 ||   146
Throw: Stone             |    10 |     2 ||    12
  Use: Scroll            |       |     3 ||     3
       Potion            |       |     2 ||     2
 Stab: Sleeping          |     8 |    18 ||    26
  Eat: Chunk             |     1 |     2 ||     3
